 Dungeon Crawl Stone Soup version 0.31.0-32-g396128a36d (webtiles) character file.

Game seed: 2897981637014968883

53 Doomgape the Trooper (level 3, -1/24 HPs)
             Began as a Gargoyle Fighter on Mar 30, 2024.
             Slain by Natasha (8 damage)
             ... on level 2 of the Dungeon.
             The game lasted 00:02:31 (1194 turns).

Doomgape the Trooper (Gargoyle Fighter)             Turns: 1194, Time: 00:02:32

Health: -1/24      AC: 10    Str: 21    XL:     3   Next: 87%
Magic:  3/3        EV:  9    Int:  8    God:
Gold:   82         SH:  4    Dex:  9    Spells: 2/2 levels left

rFire   . . .        a - +0 flail
rCold   . . .        c - +0 buckler
rNeg    + . .        b - +0 scale mail
rPois   ∞            (no helmet)
rElec   +            (no cloak)
rCorr   .            (no gloves)
SInv    .            (no boots)
Will    .....        (no amulet) Stlth
                     (no ring)
HPRegen 0.24/turn    (no ring)
MPRegen 0.08/turn

%: no passive effects
@: slowed, very slow
A: sickness immunity, AC +3, negative energy resistance 1, electricity
resistance, torment resistance 1, petrification resistance
a: no special abilities


You were on level 2 of the Dungeon.
You visited 1 branch of the dungeon, and saw 2 of its levels.

You collected 82 gold pieces.

Inventory:

Hand Weapons
 a - a +0 flail (weapon)
Armour
 b - a +0 scale mail (worn)
 c - a +0 buckler (worn)
Scrolls
 e - a scroll of immolation {unknown}
 f - a scroll of teleportation {unknown}
 g - a scroll of noise {unknown}
 l - a scroll of blinking {unknown}
Potions
 d - 2 potions of might
 h - 2 potions of attraction {unknown}
 i - a potion of curing {unknown}
 j - a potion of enlightenment {unknown}
 k - a potion of haste {unknown}


   Skills:
 + Level 4.0 Fighting
 + Level 2.8 Maces & Flails
 + Level 4.0 Armour
 - Level 3.2 Shields


You had 2 spell levels left.
You didn't know any spells.
Your spell library contained the following spells:

 Spells                   Type           Power      Damage    Failure   Level
 Magic Dart               Conj           0%         1d3       80%         1
 Blink                    Tloc           0%         N/A       91%         2
 Call Imp                 Summ           0%         N/A       91%         2


Dungeon Overview and Level Annotations

Branches:
Dungeon (2/15)

Altars:

Annotations:
D:2 Natasha


Innate Abilities, Weirdness & Mutations

You are immune to sickness and miasma.
Your stone body is resilient. (AC +3)
You are immune to poison.
You resist negative energy. (rN+)
You are resistant to electric shocks. (rElec)
You are resistant to unholy torment.
You are immune to petrification.


Message History

You barely miss the rat. The rat closely misses you.
You closely miss the rat. You block the rat's attack.
You sock the rat!
You kill the rat!
Your Armour skill increases to level 4!
No target in view!
There is a stone staircase leading up here.
You now have 68 gold pieces (gained 7).
You open the door.
There is an open door here.
There is an open door here.
You see here an adder corpse.
You see here a +0 leather armour.
You now have 82 gold pieces (gained 14).
You see here a +0 ring mail.
Natasha, Servant of Life and Death comes into view.
She is carrying a wand of flame.
Natasha hisses angrily.
You thump Natasha!
Natasha is heavily wounded.
Natasha howls an incantation.
Natasha's front paws start to glow.
Natasha casts a spell at you.
You feel yourself slow down.
You closely miss Natasha.
Natasha is heavily wounded.
Natasha zaps a wand.
The puff of flame hits you.
Natasha zaps a wand.
The puff of flame hits you!
You are too injured to fight recklessly!
You are too injured to fight recklessly!
You barely miss Natasha.
Natasha is heavily wounded.
Natasha claws you.
Natasha stares at you and mumbles some strange words.
The magic dart hits you.
* * * LOW HITPOINT WARNING * * *
You hit Natasha.
Natasha is severely wounded.
Natasha closely misses you. Natasha claws you!
You die...
Natasha curls up and begins to purr.

.# #.......#.# ##
#.........# #
#...####### # #...# # #
# #...#######.#. #
#.........##.#
#####...[####.##?#
...............#.# ###
...............#@#.....
.................h.#
#####....####..#.#.#
#...(......#.#.#
#...######.#.# # #...#
#.... #...# ###.# #.#
## .#


You could see Natasha.

Vanquished Creatures
  2 adders (D:2)
  3 dart slugs
  A ribbon worm (D:2)
  2 ball pythons
  2 endoplasms
  4 hobgoblins
  A kobold (D:1)
  A quokka (D:1)
  5 bats (D:1)
  4 frilled lizards
  4 rats
29 creatures vanquished.

Notes
Turn   | Place    | Note
-------+----------+-------------------------------------------
     0 | D:1      | Doomgape the Gargoyle Fighter began the quest for the Orb.
     0 | D:1      | Reached XP level 1. HP: 14/14 MP: 1/1
   234 | D:1      | Reached XP level 2. HP: 19/19 MP: 2/2
   359 | D:1      | Found a faded altar of an unknown god.
   675 | D:2      | Reached XP level 3. HP: 24/24 MP: 3/3
  1190 | D:2      | Noticed Natasha
  1194 | D:2      | Slain by Natasha

Illustrated notes

Levels and vault maps discovered:
D:1:      dpeg_arrival_three_same_balls, layout_basic,
          shapermc_ecumenical_altar_acropolis
D:2:      layout_loops_cross, kennysheep_another_room, kennysheep_pointless_box,
          minmay_misc_feat_encased, guppyfry_early_lair_pool, uniq_natasha

Skill      XL: |  1  2  3 |
---------------+----------+-----
Fighting       | 4 |  4.0
Armour         | 4 |  4.0
Maces & Flails | |  2.8
Shields        | |  3.2

Action                     || total
---------------------------++-------
  Melee: Flail             ||    93
 Armour: Scale mail        ||    70
  Dodge: Dodged            ||    41
  Block: Buckler           ||    15
